Map: Data-C

Players

Harstem

  • Race: Protoss Protoss
  • League: Master
  • Spawn Location: 9:00

ShoWTimE - Winner!

  • Race: Protoss Protoss
  • League: Master
  • Spawn Location: 3:00

VOD

Have the link to the VOD?

Description

Time

  • Played on: Oct. 19, 2022, 1:30 p.m.
  • Length: 23:27
Show
View Real Time Build Order
Export as new Build Order

Harstem Protoss 

Build Orders: Phoenix Opening, Blink Stalkers 

Get SALT Encoding   

  12  0:00  Probe  
  13  0:12  Probe  
  14  0:18  Pylon  
  14  0:24  Probe  
  15  0:36  Gateway  
  15  0:37  Probe (Chrono Boost)  
  16  0:47  Probe (Chrono Boost), Assimilator  
  17  0:52  Probe (Chrono Boost)  
  18  0:57  Assimilator  
  18  1:03  Probe (Chrono Boost)  
  19  1:10  Gateway  
  19  1:13  Probe (Chrono Boost)  
  20  1:18  Probe  
  21  1:26  Cybernetics Core  
  21  1:30  Probe  
  22  1:37  Pylon  
  22  1:42  Probe  
  23  1:55  Probe  
  24  2:03  Stalker x2  
  24  2:04  Warp Gate (Chrono Boost)  
  24  2:07  Probe  
  29  2:12  Pylon  
  29  2:19  Probe  
  30  2:36  Nexus  
  30  2:42  Pylon  
  30  2:45  Probe  
  31  3:00  Probe  
  31  3:04  Sentry, Stalker  
  36  3:10  Gateway  
  36  3:12  Probe  
  37  3:17  Pylon  
  37  3:22  Twilight Council  
  37  3:24  Probe  
  38  3:36  Probe  
  38  3:39  Phoenix  
  38  3:47  Stalker x2  
  43  3:48  Probe (Chrono Boost)  
  43  3:49  Probe (Chrono Boost)  
  44  3:55  Blink (Chrono Boost)  
  44  3:59  Probe x2 (Chrono Boost)  
  46  4:04  Probe (Chrono Boost)  
  46  4:05  Probe (Chrono Boost)  
  48  4:10  Stalker  
  48  4:14  Probe  
  48  4:16  Probe  
  52  4:18  Stalker  
  54  4:26  Probe, Pylon  
  54  4:28  Probe  
  55  4:38  Probe  
  55  4:40  Probe  
  57  4:49  Robotics Facility  
  57  4:50  Nexus  
  57  4:51  Sentry, Probe  
  60  4:55  Probe  
  60  5:01  Stalker  
  60  5:03  Probe  
  60  5:07  Phoenix, Probe  
  63  5:14  Stalker  
  63  5:15  Probe  
  63  5:17  Pylon  
  63  5:19  Probe  
  67  5:24  Gateway  
  67  5:27  Stalker  
  67  5:28  Gateway  
  69  5:31  Probe  
  69  5:32  Assimilator  
  70  5:38  Shield Battery, Observer (Chrono Boost), Probe  
  70  5:41  Phoenix, Stalker  
  74  5:43  Probe  
  75  5:50  Probe  
  75  5:53  Forge  
  77  5:57  Probe (Chrono Boost)  
  77  6:02  Probe (Chrono Boost)  
  77  6:03  Charge, Probe (Chrono Boost)  
  80  6:13  Observer, Probe x3 (Chrono Boost)  
  80  6:15  Stalker x2  
  80  6:17  Probe (Chrono Boost), Pylon  
  80  6:18  Probe (Chrono Boost)  
  87  6:20  Probe  
  90  6:28  Nexus  
  90  6:29  Protoss Ground Weapons Level 1 (Chrono Boost), Pylon  
  90  6:33  Probe  
  90  6:34  Probe  
  92  6:41  Stalker x2  
  92  6:42  Probe  
  92  6:45  Probe  
  92  6:46  Probe, Pylon  
  99  6:53  Pylon  
  99  6:54  Probe  
  99  6:55  Stalker x2  
  96  7:12  Stalker x2  
  96  7:13  Probe  
  95  7:19  Stalker x2  
  95  7:20  Probe x2  
  97  7:25  Probe  
  97  7:26  Immortal (Chrono Boost)  
  97  7:28  Shield Battery  
  100  7:32  Probe x2  
  100  7:36  Stalker  
  100  7:37  Probe  
  100  7:40  Stalker  
  100  7:43  Gateway  
  104  7:44  Probe  
  104  7:45  Probe, Stalker  
  104  7:46  Gateway x2  
  104  7:50  Gateway  
  105  7:52  Stalker  
  105  7:55  Probe  
  105  7:57  Probe  
  109  8:01  Observer  
  109  8:02  Stalker  
  109  8:03  Probe  
  110  8:07  Photon Cannon  
  110  8:08  Immortal (Chrono Boost)  
  110  8:09  Forge  
  110  8:12  Zealot x2  
  117  8:19  Assimilator  
  117  8:26  Zealot, Sentry  
  120  8:27  Nexus  
  120  8:28  Probe  
  120  8:30  Protoss Ground Weapons Level 2 (Chrono Boost)  
  120  8:31  Photon Cannon  
  120  8:33  Pylon  
  121  8:40  Zealot x3  
  127  8:45  Probe  
  127  8:46  Zealot x3  
  134  8:49  Warp Prism (Chrono Boost)  
  134  8:52  Probe  
  134  8:53  Probe  
  137  8:56  Zealot, Gateway  
  137  8:57  Gateway  
  137  8:58  Stalker  
  137  9:00  Probe  
  139  9:03  Protoss Shields Level 1 (Chrono Boost)  
  139  9:05  Probe  
  139  9:07  Shield Battery  
  139  9:09  Observer  
  140  9:12  Probe, Pylon  
  140  9:13  Pylon  
  140  9:15  Dark Shrine  
  141  9:27  Probe  
  141  9:28  Zealot, Stalker x2  
  149  9:31  Probe  
  149  9:32  Zealot x3, Pylon  
  149  9:35  Pylon  
  157  9:42  Zealot  
  157  9:43  Zealot  
  157  9:44  Photon Cannon  
  159  9:46  Photon Cannon  
  159  9:47  Observer  
  159  9:48  Shield Battery  
  159  9:52  Zealot x4  
  167  10:06  Zealot x3  
  173  10:12  Nexus  
  173  10:13  Pylon  
  171  10:17  Zealot x7  
  171  10:20  Pylon  
  185  10:23  Pylon  
  185  10:25  Observer  
  185  10:26  Observer, Photon Cannon  
  186  10:30  Dark Templar x3  
  192  10:51  Photon Cannon  
  192  10:52  Photon Cannon  
  190  10:57  Gateway  
  190  11:02  Gateway  
  190  11:04  Gateway  
  186  11:05  Warp Prism (Chrono Boost)  
  186  11:08  Gateway  
  188  11:11  Dark Templar  
  188  11:12  Zealot x3, Dark Templar x2  
  188  11:28  Probe  
  188  11:29  Probe x2  
  188  11:31  Nexus, Zealot  
  188  11:32  Zealot x3  
  189  11:33  Protoss Ground Weapons Level 3, Probe  
  189  11:37  Protoss Shields Level 2  
  160  11:40  Zealot x7  
  160  11:44  Warp Prism  
  176  11:51  Probe (Chrono Boost)  
  180  11:54  Probe (Chrono Boost)  
  180  11:57  Probe (Chrono Boost)  
  180  11:59  Probe (Chrono Boost)  
  180  12:00  Probe x2 (Chrono Boost)  
  182  12:03  Probe (Chrono Boost)  
  182  12:04  Probe (Chrono Boost)  
  182  12:06  Zealot x5, Dark Templar  
  197  12:11  Dark Templar  
  197  12:12  Zealot  
  200  12:18  Shadow Stride  
  200  12:21  Pylon  
  172  12:33  Zealot x8, Dark Templar  
  172  12:34  Zealot x3  
  176  12:49  Probe  
  176  12:50  Probe  
  154  12:52  Probe  
  154  12:54  Stalker x11  
  154  12:56  Zealot  
  154  12:57  Zealot, Probe  
  174  12:58  Probe x2  
  174  13:01  Probe  
  174  13:05  Probe x2  
  177  13:06  Photon Cannon  
  177  13:09  Shield Battery, Photon Cannon, Probe  
  166  13:22  Probe  
  166  13:26  Stalker x6  
  165  13:29  Zealot x8  
  165  13:31  Probe x2  
  165  13:32  Probe x2  
  165  13:33  Assimilator  
  178  13:45  Nexus  
  170  13:50  Zealot x8, Stalker x4  
  170  13:51  Zealot x2  
  152  14:13  Zealot x5, Stalker x4  
  152  14:14  Zealot x5  
  164  14:18  Probe  
  164  14:19  Probe  
  164  14:20  Probe x3  
  164  14:21  Probe  
  164  14:23  Pylon  
  162  14:29  Assimilator  
  162  14:30  Warp Prism (Chrono Boost), Probe  
  159  14:33  Assimilator  
  159  14:35  Zealot x9, Stalker x2  
  159  14:36  Zealot  
  159  14:37  Shield Battery, Zealot x2  
  179  14:39  Protoss Shields Level 3  
  179  14:45  Photon Cannon  
  179  14:46  Probe  
  179  14:47  Photon Cannon  
  180  14:55  Dark Templar  
  180  14:56  Zealot x8, Warp Prism (Chrono Boost)  
  180  14:57  Assimilator  
  198  15:06  Zealot x3  
  198  15:07  Zealot x2  
  168  15:16  Stalker x7  
  168  15:17  Zealot  
  160  15:22  Probe  
  160  15:24  Probe  
  160  15:25  Probe x4  
  156  15:30  Zealot, Stalker x2  
  156  15:31  Zealot x2  
  156  15:34  Probe  
  167  15:36  Probe  
  167  15:37  Probe x4  
  167  15:39  Zealot x6  
  178  15:45  Pylon  
  178  15:46  Probe  
  178  15:48  Probe  
  178  15:49  Probe  
  162  16:00  Stalker x4  
  162  16:01  Zealot x8  
  162  16:03  Nexus  
  180  16:07  Zealot  
  180  16:08  Zealot  
  181  16:19  Zealot x3  
  181  16:20  Zealot  
  181  16:24  Protoss Ground Armor Level 1  
  189  16:28  Nexus  
  189  16:31  Probe, Photon Cannon  
  185  16:41  Nexus  
  185  16:42  Zealot x3  
  185  16:43  Zealot x5  
  197  16:49  Dark Templar  
  195  16:56  Stalker x2  
  195  17:08  Observer (Chrono Boost)  
  189  17:09  Zealot x6  
  195  17:20  Zealot x7  
  196  17:25  Probe  
  196  17:27  Probe x4  
  198  17:38  Zealot  
  196  17:50  Pylon  
  196  17:55  Stalker x5  
  196  17:57  Probe, Pylon  
  193  18:10  Nexus  
  193  18:11  Nexus  
  191  18:19  Stalker x3  
  166  18:20  Zealot x11  
  166  18:22  Probe  
  166  18:27  Probe  
  186  18:33  Probe  
  186  18:35  Probe  
  160  18:52  Zealot x12  
  160  18:53  Zealot x2  
  175  19:00  Assimilator  
  160  19:05  Probe x2 (Chrono Boost)  
  160  19:09  Probe (Chrono Boost)  
  155  19:13  Probe (Chrono Boost)  
  155  19:15  Zealot, Dark Templar  
  158  19:17  Zealot  
  158  19:26  Dark Templar  
  158  19:27  Zealot x2  
  164  19:34  Observer (Chrono Boost)  
  164  19:35  Nexus  
  164  19:38  Probe  
  166  19:42  Zealot x8  
  180  19:49  Probe  
  180  19:51  Unknown, Probe  
  181  20:07  Probe x2  
  183  20:09  Assimilator  
  183  20:10  Probe x2, Stalker x2  
  183  20:11  Zealot x5, Pylon  
  199  20:26  Probe  
  199  20:28  Assimilator  
  198  20:32  Probe  
  193  20:38  Protoss Ground Armor Level 2  
  193  20:39  Stalker x3  
  198  20:45  Stalker  
  200  21:03  Zealot x11  
  199  21:13  Probe  
  199  21:26  Probe x3  
  192  21:36  Zealot x2  
  192  21:37  Zealot x2  
  186  21:54  Pylon  
  186  21:56  Stalker x7  
  196  22:03  Probe, Assimilator  
  196  22:07  Stalker x7  
  193  22:26  Zealot x6  
  199  22:31  Assimilator  
  193  22:39  Dark Templar  
  193  22:40  Zealot x3  
  193  22:43  Assimilator  
  157  22:52  Probe  
  157  22:53  Zealot, Stalker x5  
  157  22:54  Zealot x8  
  174  23:04  Probe  
Show
View Real Time Build Order
Export as new Build Order

ShoWTimE Protoss - Winner!

Build Orders: Oracle Opening, Blink Stalkers, Carriers 

Get SALT Encoding   

  12  0:00  Probe  
  13  0:12  Probe  
  14  0:18  Pylon  
  14  0:24  Probe (Chrono Boost)  
  15  0:36  Probe (Chrono Boost)  
  15  0:38  Gateway  
  16  0:45  Probe (Chrono Boost)  
  16  0:47  Assimilator  
  17  0:51  Probe  
  18  1:03  Probe  
  19  1:11  Assimilator  
  19  1:13  Pylon  
  19  1:15  Probe (Chrono Boost)  
  20  1:24  Probe (Chrono Boost)  
  21  1:26  Cybernetics Core  
  21  1:29  Probe (Chrono Boost)  
  21  1:32  Zealot  
  24  1:41  Probe  
  25  1:53  Probe  
  26  2:03  Adept  
  26  2:07  Stargate  
  28  2:14  Probe  
  29  2:16  Pylon  
  29  2:17  Warp Gate  
  29  2:38  Nexus  
  29  2:46  Stalker  
  31  2:54  Oracle (Chrono Boost)  
  34  3:00  Probe  
  35  3:12  Probe  
  36  3:17  Gateway  
  36  3:24  Probe  
  35  3:29  Twilight Council  
  35  3:34  Shield Battery  
  35  3:36  Probe  
  37  3:50  Probe (Chrono Boost)  
  37  3:52  Probe (Chrono Boost)  
  38  3:57  Blink (Chrono Boost)  
  38  4:00  Probe (Chrono Boost)  
  40  4:03  Probe (Chrono Boost)  
  40  4:05  Probe (Chrono Boost)  
  41  4:12  Probe, Stalker  
  45  4:17  Probe, Stalker  
  47  4:24  Probe  
  47  4:26  Pylon  
  47  4:29  Probe  
  49  4:36  Probe  
  50  4:39  Gateway  
  50  4:40  Gateway  
  50  4:41  Probe  
  51  4:48  Probe, Stalker, Pylon  
  54  5:04  Nexus  
  54  5:05  Probe  
  54  5:06  Probe  
  56  5:11  Assimilator  
  56  5:14  Stalker x2  
  56  5:18  Probe, Pylon  
  56  5:20  Probe  
  62  5:27  Forge  
  62  5:30  Probe  
  62  5:32  Probe  
  62  5:33  Shield Battery  
  64  5:41  Stalker x2  
  68  5:44  Probe  
  68  5:46  Stalker  
  68  5:47  Probe  
  72  5:50  Protoss Ground Weapons Level 1 (Chrono Boost), Stalker  
  72  5:56  Probe  
  75  5:59  Probe  
  76  6:09  Pylon  
  76  6:10  Probe (Chrono Boost)  
  77  6:11  Probe (Chrono Boost)  
  77  6:12  Pylon  
  77  6:16  Probe (Chrono Boost)  
  79  6:18  Stalker x2  
  79  6:21  Stalker  
  79  6:24  Stalker  
  89  6:26  Probe x2 (Chrono Boost)  
  89  6:27  Probe (Chrono Boost)  
  89  6:30  Assimilator  
  89  6:31  Probe  
  90  6:33  Probe  
  90  6:34  Probe  
  93  6:46  Robotics Facility  
  93  6:51  Stalker x4  
  93  6:53  Pylon  
  98  7:04  Pylon  
  96  7:14  Stalker x4  
  102  7:20  Nexus  
  102  7:24  Probe x2  
  102  7:34  Probe  
  102  7:36  Probe  
  102  7:37  Probe  
  103  7:38  Pylon  
  103  7:39  Observer  
  103  7:40  Stalker x4  
  112  7:46  Probe  
  112  7:49  Probe  
  112  7:51  Protoss Ground Weapons Level 2 (Chrono Boost)  
  112  7:53  Probe  
  112  7:58  Probe  
  112  8:03  Stalker x4  
  112  8:04  Probe  
  112  8:05  Probe  
  122  8:08  Gateway  
  122  8:09  Gateway  
  122  8:13  Photon Cannon  
  122  8:15  Observer  
  122  8:19  Photon Cannon  
  123  8:22  Robotics Bay  
  123  8:24  Probe x3  
  123  8:26  Charge (Chrono Boost)  
  126  8:33  Stalker x2  
  130  8:34  Zealot x2  
  130  8:36  Assimilator  
  130  8:39  Probe, Assimilator  
  130  8:40  Probe x2  
  137  8:42  Probe  
  137  8:43  Photon Cannon  
  137  8:45  Shield Battery  
  138  8:54  Shield Battery  
  138  8:56  Shield Battery  
  138  8:59  Stalker x2  
  138  9:00  Stalker x2  
  146  9:03  Shield Battery  
  146  9:04  Photon Cannon  
  146  9:09  Robotics Facility, Photon Cannon  
  146  9:11  Pylon  
  146  9:20  Pylon  
  146  9:21  Pylon  
  146  9:26  Disruptor (Chrono Boost), Pylon  
  146  9:27  Pylon  
  146  9:30  Nexus, Pylon  
  149  9:33  Zealot  
  149  9:34  Pylon  
  151  9:39  Stalker x2  
  151  9:40  Probe x2  
  151  9:41  Probe  
  158  9:45  Stalker  
  158  9:48  Stalker x2  
  158  9:51  Disruptor (Chrono Boost)  
  164  9:56  Pylon  
  164  9:58  Gravitic Boosters (Chrono Boost)  
  170  10:03  Oracle  
  170  10:04  Disruptor (Chrono Boost)  
  173  10:13  Photon Cannon  
  173  10:14  Photon Cannon  
  173  10:16  Photon Cannon  
  173  10:17  Shield Battery  
  173  10:18  Shield Battery  
  173  10:20  Disruptor (Chrono Boost)  
  173  10:21  Pylon  
  174  10:23  Photon Cannon  
  174  10:24  Protoss Ground Weapons Level 3 (Chrono Boost), Photon Cannon  
  174  10:26  Pylon  
  174  10:31  Probe x3  
  174  10:33  Observer (Chrono Boost)  
  178  10:44  Zealot, Stalker x5  
  190  10:53  Observer (Chrono Boost)  
  191  11:05  Stalker  
  191  11:07  Stalker x3  
  191  11:11  Zealot  
  199  11:13  Photon Cannon  
  199  11:14  Photon Cannon  
  199  11:20  Shield Battery  
  193  11:26  Probe x2  
  193  11:27  Zealot  
  193  11:29  Observer  
  193  11:32  Stalker x2  
  170  11:42  Stalker x3  
  176  11:47  Photon Cannon  
  176  11:48  Assimilator  
  176  11:50  Probe x4, Assimilator  
  176  11:51  Photon Cannon  
  176  11:53  Photon Cannon  
  180  11:54  Shield Battery  
  180  11:55  Shield Battery  
  180  11:59  Pylon  
  180  12:00  Probe  
  181  12:02  Probe  
  182  12:12  Fleet Beacon  
  182  12:14  Stargate  
  182  12:18  Zealot x6, Stargate  
  194  12:23  Photon Cannon  
  194  12:24  Photon Cannon  
  180  12:39  Zealot x6  
  180  12:41  Observer (Chrono Boost)  
  177  12:51  Pylon  
  177  12:55  Photon Cannon  
  173  12:59  Pylon  
  173  13:02  Probe  
  173  13:03  Probe  
  173  13:05  Assimilator  
  177  13:07  Photon Cannon x2  
  177  13:08  Assimilator  
  177  13:10  Carrier (Chrono Boost)  
  177  13:11  Zealot x2  
  177  13:12  Zealot x4  
  189  13:18  Carrier (Chrono Boost)  
  189  13:19  Pylon  
  185  13:26  Carrier (Chrono Boost)  
  182  13:29  Photon Cannon  
  182  13:31  Photon Cannon  
  182  13:32  Zealot x6  
  182  13:34  Photon Cannon  
  194  13:40  Probe  
  194  13:41  Probe x3  
  197  13:47  Protoss Air Weapons Level 1 (Chrono Boost)  
  190  13:50  Nexus  
  190  13:53  Zealot x5  
  198  13:57  Zealot  
  174  14:13  Stalker  
  174  14:14  Stalker x4  
  178  14:22  Zealot  
  176  14:25  Photon Cannon  
  176  14:27  Photon Cannon  
  173  14:31  Pylon  
  173  14:32  Protoss Ground Armor Level 1 (Chrono Boost)  
  173  14:37  Zealot x5  
  185  14:45  Carrier (Chrono Boost)  
  185  14:49  Templar Archives  
  185  14:55  Zealot  
  185  15:04  Zealot x3  
  185  15:05  Zealot x2  
  190  15:15  Observer  
  190  15:18  Zealot  
  179  15:28  Photon Cannon  
  179  15:29  Carrier (Chrono Boost)  
  179  15:30  Photon Cannon  
  191  15:38  Carrier (Chrono Boost), Zealot x5  
  197  15:53  Zealot  
  197  15:54  Protoss Air Weapons Level 2 (Chrono Boost)  
  193  16:07  High Templar x3  
  199  16:14  Archon  
  197  16:21  Photon Cannon  
  197  16:22  Photon Cannon  
  195  16:25  High Templar  
  195  16:32  Gateway  
  197  16:33  Zealot, Archon  
  197  16:34  Gateway  
  197  16:37  Gateway, Pylon  
  197  16:38  Pylon  
  197  16:39  Gateway  
  199  16:41  Gateway  
  199  16:48  Pylon  
  199  16:59  Nexus  
  199  17:00  Pylon  
  195  17:11  Zealot x6  
  182  17:21  Observer  
  178  17:23  Carrier x2 (Chrono Boost)  
  178  17:24  Carrier (Chrono Boost)  
  164  17:55  Nexus  
  161  18:00  High Templar x6, Pylon  
  173  18:06  Archon  
  173  18:07  Archon x2  
  173  18:16  Observer  
  170  18:32  Pylon  
  170  18:35  Protoss Air Weapons Level 3 (Chrono Boost)  
  148  18:55  Disruptor  
  138  18:57  Zealot  
  138  19:06  High Templar x3  
  142  19:10  Archon  
  142  19:11  High Templar  
  142  19:16  Archon  
  144  19:22  Probe x3  
  145  19:35  Photon Cannon  
  145  19:37  Shield Battery  
  145  19:47  High Templar x4  
  145  19:51  Archon x2  
  153  20:04  Probe x4  
  154  20:09  High Templar  
  154  20:10  High Templar x6  
  154  20:13  Archon  
  154  20:14  Archon x2  
  167  20:23  High Templar  
  167  20:27  Shield Battery  
  167  20:28  Archon  
  167  20:29  Shield Battery  
  167  20:30  Disruptor (Chrono Boost)  
  169  20:37  Photon Cannon  
  169  20:46  High Templar x2  
  173  20:50  Archon  
  173  21:03  Zealot x4  
  181  21:05  Observer  
  182  21:16  Zealot x3  
  177  21:36  High Templar x4  
  177  21:37  High Templar x2  
  189  21:41  Archon x2  
  189  21:42  Archon  
  186  21:49  Disruptor  
  186  21:50  Zealot x4  
  192  22:06  Zealot  
  194  22:09  Assimilator  
  194  22:11  Assimilator  
  194  22:15  Zealot x3  
  190  22:32  Pylon  
  182  22:56  Zealot x4, High Templar x2  
  186  23:01  Archon  
  184  23:08  Zealot  
Tags
 
Add a new tag
Caveats
  • Supply blocks, unpowered buildings, or Contaminate may cause inaccurate times.
  • Supply counts are checked every 10 seconds.